 Dungeon Crawl Stone Soup version 0.30-a0-930-gb9d0489357 (webtiles) character file.

Game seed: 1178673998987699337

81015 greynaab the Spry (level 15, -7/108 HPs)
             Began as an Octopode Berserker on Mar 21, 2023.
             Was an Elder of Trog.
             Mangled by Mlioglotl (15 damage)
             ... on level 1 of the Snake Pit on Mar 23, 2023.
             The game lasted 01:38:14 (25379 turns).

greynaab the Spry (Octopode Berserker)             Turns: 25379, Time: 01:38:15

Health: -7/108     AC:  7    Str: 17    XL:     15   Next: 68%
Magic:  15/15      EV: 28    Int: 16    God:    Trog [****..]
Gold:   1163       SH:  0    Dex: 18    Spells: 14/14 levels left

rFire   . . .      SeeInvis +    f - +2 glaive (heavy)
rCold   . . .      Faith    .    (shield currently unavailable)
rNeg    . . .      Spirit   .    j - +2 hat
rPois   +          Reflect  .    k - amulet of the acrobat
rElec   .          Rampage  .    h - +5 ring of evasion
rCorr   .                        t - +6 ring of intelligence
Will    +....                    y - +4 ring of protection
Stlth   ++++++                   U - ring of poison resistance
HPRegen 0.38/turn                g - ring of see invisible
MPRegen 0.14/turn                (no ring)
                                 (no ring)
                                 (no ring)

@: on berserk cooldown, slowed, very slow
A: almost no armour, amphibious, 8 rings, camouflage 1, gelatinous body 1,
(nimble swimmer 1), tentacles
a: Renounce Religion, Berserk, Trog's Hand, Brothers in Arms


You were on level 1 of the Snake Pit.
You worshipped Trog.
Trog was greatly pleased with you.
You visited 4 branches of the dungeon, and saw 22 of its levels.
You also visited: Bailey.

You collected 2568 gold pieces.
You spent 1405 gold pieces at shops.

Inventory:

Hand Weapons
 a - the +12 shortbow of Cruel Justice {freeze, *Slow rF+ rC+ Dex+2}
   (You found it on level 8 of the Dungeon)

   Dex:       It affects your dexterity (+2).
   rF:        It protects you from fire.
   rC:        It protects you from cold.
   *Slow:     It may slow you when you take damage.
 b - a +4 halberd of freezing
 f - a +2 heavy glaive (weapon)
 M - a +4 scimitar of flaming
 N - the +3 spear of Responsibility {elec, Contam rElec rC+++ Stlth+}
   (You took it off a spriggan on level 9 of the Dungeon)

   rC:        It renders you almost immune to cold.
   rElec:     It insulates you from electricity.
   Contam:    It causes magical contamination when unequipped.
   Stlth:     It makes you more stealthy.
 W - a +1 heavy arbalest
Missiles
 p - 6 curare-tipped darts
 v - 3 throwing nets
 J - 83 poisoned darts (quivered)
Armour
 j - a +2 hat (worn)
Jewellery
 g - a ring of see invisible (on tentacle)
 h - a +5 ring of evasion (left tentacle)
 k - an amulet of the acrobat (around mantle)
 t - a +6 ring of intelligence (right tentacle)
 y - a +4 ring of protection (on tentacle)
 S - a ring of ice
 U - a ring of poison resistance (on tentacle)
 Z - a ring of fire
Wands
 q - a wand of flame (17)
 I - a wand of light (14)
 K - a wand of charming (3)
 O - a wand of digging (8)
 Q - a wand of iceblast (7)
 X - a wand of mindburst (5)
Scrolls
 e - a scroll of acquirement
 l - 5 scrolls of vulnerability
 m - 2 scrolls of magic mapping
 s - 4 scrolls of immolation
 u - 6 scrolls of fear
 w - a scroll of torment
 x - a scroll of brand weapon
 B - 5 scrolls of teleportation
 C - a scroll of blinking
 E - 2 scrolls of butterflies
 G - 5 scrolls of poison
 H - 4 scrolls of enchant weapon
 P - 2 scrolls of fog
 R - 3 scrolls of identify
 V - a scroll of silence
Potions
 c - 2 potions of ambrosia
 d - 2 potions of flight
 i - 3 potions of invisibility
 n - 6 potions of curing
 o - 6 potions of might
 r - 2 potions of berserk rage
 z - 3 potions of haste
 A - a potion of resistance
 F - a potion of mutation
 T - a potion of attraction
 Y - 4 potions of lignification
Miscellaneous
 D - a box of beasts (inert)
 L - a phial of floods


   Skills:
 + Level 12.1 Fighting
 + Level 12.6 Polearms
 + Level 11.0 Ranged Weapons
 - Level 3.7 Throwing
 + Level 15.0 Dodging
 - Level 10.0 Stealth
 + Level 10.6 Evocations


You had 14 spell levels left.
You didn't know any spells.
Your spell library was empty.

Dungeon Overview and Level Annotations

Branches:
Dungeon (14/15) Zot: 26859  Temple (0/1) D:7            Lair (5/5) D:8 Zot: 23162
  Swamp (0/4) Lair:2        Snake (1/4) Lair:2 Zot: 5949   Slime (0/5) Lair:4
    Orc (2/2) D:11 Zot: 9644     Elf (0/3) Orc:2        Vaults (0/5) D:14
 Bailey (visited)

Altars:
Ashenzari
Dithmenos
Gozag
Hepliaklqana
Kikubaaqudgha
Makhleb
Nemelex Xobeh
Okawaru
Qazlal
Ru
Sif Muna
Uskayaw
Wu Jian
Xom
Yredelemnul
Jiyva

Shops:
Orc:1 ?   Orc:2 (=[*

Annotations:
D:12 1 runed translucent door
D:14 Rupert
Lair:3 1 runed translucent door, jasper's ghost, journeyman DsRe
Snake:1 Mlioglotl


Innate Abilities, Weirdness & Mutations

You cannot wear most types of armour.
You are amphibious.
You can wear up to eight rings at the same time.
Your skin changes colour to match your surroundings (Stealth+).
Your rubbery body absorbs attacks. (AC +1, EV +1)
((You are camouflaged when in or above water. (Stealth+)))
You have tentacles for arms and can constrict up to eight enemies at once.


Message History

The floor.
You are too berserk!
Your +4 halberd of freezing stops glowing.
f - a +2 heavy glaive (weapon)
You feel a strong urge to attack something.
You feel the effects of Trog's Hand fading.
You see here the guardian serpent corpse of Aizul.
You cut Mlioglotl into ribbons!!!
Mlioglotl is moderately wounded.
Mlioglotl hits you.
* * * LOW HITPOINT WARNING * * *
Mlioglotl misses you.
You slash Mlioglotl! You squeeze Mlioglotl.
Mlioglotl is heavily wounded.
Mlioglotl hits you!
* * * LOW HITPOINT WARNING * * *
Mlioglotl completely misses you.
Mlioglotl churns violently!
Mlioglotl seems to grow stronger.
You slice Mlioglotl!!
Mlioglotl is severely wounded.
Mlioglotl churns violently!
Mlioglotl corrupts the dungeon around him!
You slash Mlioglotl!
Mlioglotl is severely wounded.
Your skin stops crawling.
You feel less strong-willed. Mlioglotl misses you. Mlioglotl tramples you!
* * * LOW HITPOINT WARNING * * *
You stumble backwards!
Mlioglotl hits you!
* * * LOW HITPOINT WARNING * * *
Mlioglotl misses you.
You slice Mlioglotl!! You squeeze Mlioglotl!
Mlioglotl is almost dead.
You are no longer berserk.
You are exhausted.
You feel yourself slow down.
Mlioglotl churns violently!
Mlioglotl corrupts the dungeon around him!
Mlioglotl closely misses you. Mlioglotl tramples you!
You die...

#.### ##.####...#.#
..#
#....##..#.........
.. #....##.........
.. ###..##...###.
#..#.......
##..........
#####..#........
#..#..##.######.
#.....X@.#
#.(.###### .....
..#. #


You could see Mlioglotl (strong).

Vanquished Creatures
  Frances (D:13)
  Gastronok (D:8)
  Kirke (Lair:4)
  Aizul (Snake:1)
  An orc warlord (Orc:2)
  Josephine (Lair:4)
  Fannar (D:11)
  3 hydras
  Harold (Lair:2)
  3 catoblepae (Lair:5)
  Erica (D:8)
  A two-headed ogre (D:11)
  8 boulder beetles
  The ghost of cforsyth the Ogre Mage, a novice OgFE of Vehumet (D:10)
  A vampire mage (D:13)
  9 death yaks (Lair:5)
  4 orc high priests
  Sonja (Orc:1)
  Pikel (D:5)
  4 orc sorcerers
  6 orc knights
  3 manticores
  A cyclops (Orc:2)
  An ugly thing (D:13)
  A salamander (Lair:2)
  Maurice (D:9)
  23 elephants
  3 black mambas
  Joseph (D:8)
  Maggie (Lair:2)
  A torpor snail (Lair:4)
  A rime drake (Lair:2)
  An unseen horror (D:10)
  5 cane toads
  3 kobold demonologists
  11 komodo dragons
  The ghost of gelatine the Ducker, an amateur TrFi (D:4)
  8 trolls
  Grinder (D:5)
  Prince Ribbit (D:6)
  A polar bear (Lair:4)
  19 blink frogs
  A vampire (D:13)
  2 spriggans (D:9)
  3 wyverns
  6 slime creatures
  8 wraiths
  44 yaks
  5 hogs (Lair:4)
  2 basilisks (Lair:2)
  2 steam dragons
  3 wargs
  An acid dragon (D:9)
  9 water moccasins
  A sky beast (D:8)
  60 orc warriors
  An ice beast (D:6)
  6 black bears
  A centaur (D:10)
  4 ogres
  3 phantoms
  5 kobold brigands
  7 bullfrogs
  7 scorpions
  18 wights
  8 killer bees
  9 electric eels
  5 howler monkeys
  4 lava snakes (Lair:2)
  A crimson imp (D:5)
  A hound (D:5)
  25 orc priests
  3 jellies (Lair:4)
  Crazy Yiuf (D:3)
  A sleepcap (D:7)
  6 iguanas
  26 orc wizards
  4 gnolls (Bailey)
  4 adders
  6 dart slugs
  105 orcs
  6 ball pythons
  7 endoplasms
  5 giant cockroaches
  16 goblins
  9 hobgoblins
  4 jackals (D:1)
  A quokka (D:3)
  5 bats
  4 frilled lizards
  19 kobolds
  2 rats (D:1)
  A spectral orc (D:6)
  4 butterflies (Lair:3)
630 creatures vanquished.

Vanquished Creatures (collateral kills)
  Donald (Orc:2)
  An orc warlord (Orc:2)
  The ghost of Iich the Cleaver, a novice DsFi of Gozag (D:9)
  Lodul (D:12)
  A troll (Orc:2)
  2 orc warriors (Orc:2)
  A black bear (D:9)
  7 ogres
  A centaur (D:12)
  A howler monkey (D:12)
  An orc priest (Orc:2)
  An orc wizard (D:12)
  3 orcs
22 creatures vanquished.

Vanquished Creatures (others)
  2 ogres (Orc:2)
  2 bushes (Lair:5)
  39 fungi
  60 plants
103 creatures vanquished.

Grand Total: 755 creatures vanquished

Notes
Turn   | Place    | Note
-------+----------+-------------------------------------------
     0 | D:1      | greynaab the Octopode Berserker began the quest for the
                  | Orb.
     0 | D:1      | Reached XP level 1. HP: 16/16 MP: 1/1
   179 | D:1      | Reached XP level 2. HP: 17/21 MP: 2/2
   592 | D:1      | Reached XP level 3. HP: 26/26 MP: 3/3
   607 | D:1      | Reached ** piety under Trog
  1404 | D:2      | Reached XP level 4. HP: 31/31 MP: 4/4
  1438 | D:2      | Identified the +0 hat "Buokli" {Rampage Dex+3}
  1564 | D:2      | Reached skill level 4 in Dodging
  1620 | D:3      | Noticed a scorpion
  1625 | D:3      | Killed a scorpion
  1626 | D:3      | Reached XP level 5. HP: 15/36 MP: 5/5
  1890 | D:3      | Found a shadowy altar of Dithmenos.
  2027 | D:3      | Found an iron altar of Okawaru.
  2052 | D:3      | Found a runed translucent door.
  2053 | D:3      | Noticed Crazy Yiuf
  2737 | D:4      | Found a broken altar of Ashenzari.
  2746 | D:4      | Reached skill level 5 in Polearms
  2746 | D:4      | Reached skill level 5 in Dodging
  2746 | D:4      | Reached XP level 6. HP: 42/42 MP: 6/6
  2844 | D:4      | Found a hazy altar of Hepliaklqana.
  2891 | D:4      | Found an opulent altar of Gozag.
  2962 | D:4      | Found a runed translucent gate.
  2962 | D:4      | Found a runed translucent gate.
  2963 | D:4      | Found a runed translucent gate.
  2963 | D:4      | Noticed gelatine's ghost (amateur TrFi)
  2966 | D:4      | Identified the +7 dagger of Insomnia {elec, Contam rC++
                  | Dex+5}
  2966 | D:4      | Identified the +2 leather armour of Winter {Str+3 Dex+2}
  3179 | D:4      | Found an ancient bone altar of Kikubaaqudgha.
  3456 | D:5      | Entered Level 5 of the Dungeon
  3457 | D:5      | Reached *** piety under Trog
  3634 | D:5      | Noticed Pikel
  3730 | D:5      | Noticed Grinder
  3746 | D:5      | Killed Grinder
  3747 | D:5      | Reached skill level 6 in Dodging
  3747 | D:5      | Reached XP level 7. HP: 28/46 MP: 7/7
  3939 | D:5      | Found a shimmering altar of Xom.
  3939 | D:5      | Found a burning altar of Makhleb.
  4014 | D:5      | Reached XP level 8. HP: 52/52 MP: 8/8
  4026 | D:5      | Killed Pikel
  4027 | D:5      | Reached skill level 7 in Dodging
  4114 | D:5      | Reached skill level 8 in Dodging
  4372 | D:6      | Reached XP level 9. HP: 53/56 MP: 9/9
  4435 | D:6      | Found a sacrificial altar of Ru.
  4546 | D:6      | Found an ornate altar of the Wu Jian Council.
  4810 | D:6      | Found a basalt altar of Yredelemnul.
  5157 | D:6      | Reached skill level 9 in Dodging
  5472 | D:7      | Noticed Prince Ribbit
  5499 | D:6      | Killed Prince Ribbit
  5656 | D:7      | Found a flagged portal.
  5665 | Bailey   | Entered a bailey
  5709 | Bailey   | Noticed an orc knight
  6023 | Bailey   | Reached skill level 10 in Polearms
  6023 | Bailey   | Reached skill level 10 in Dodging
  6145 | Bailey   | Reached XP level 10. HP: 60/63 MP: 10/10
  6188 | Bailey   | Killed an orc knight
  6229 | Bailey   | Noticed an orc sorcerer
  6242 | Bailey   | Killed an orc sorcerer
  6456 | Bailey   | Reached skill level 11 in Dodging
  6662 | Bailey   | Found an iron altar of Okawaru.
  6662 | Bailey   | Noticed a kobold demonologist
  6662 | Bailey   | Noticed an orc knight
  6690 | Bailey   | Killed a kobold demonologist
  6747 | Bailey   | Killed an orc knight
  6787 | Bailey   | Identified the +1 hand axe of Pugoirug {freeze, rF- rC++
                  | Str+4}
  6810 | Bailey   | Identified the +0 plate armour of the Black Moon {rC+++
                  | Str+3 Int-3 Dex+4}
  6871 | D:7      | Found a sparkling altar of Nemelex Xobeh.
  7066 | D:7      | Found a staircase to the Ecumenical Temple.
  7423 | D:7      | Upgraded the game from 0.30-a0-920-g7493c07aab to
                  | 0.30-a0-924-g0ad0bf95bc
  7707 | D:8      | Found a stormy altar of Qazlal.
  7888 | D:8      | Noticed a +0 dagger
  7888 | D:8      | Noticed a +0 hand axe
  7890 | D:8      | Found a hide-covered altar of Uskayaw.
  7942 | D:8      | Reached skill level 12 in Dodging
  7942 | D:8      | Reached XP level 11. HP: 67/67 MP: 11/11
  7957 | D:8      | Noticed Joseph
  7977 | D:8      | Killed Joseph
  8044 | D:8      | Noticed Erica
  8093 | D:8      | Killed Erica
  8131 | D:8      | Identified the +10 rapier of the Futuristic God {heavy,
                  | rPois}
  8216 | D:8      | Found a staircase to the Lair.
  8287 | D:8      | Identified the +12 shortbow of Cruel Justice {freeze, *Slow
                  | rF+ rC+ Dex+2}
  8330 | D:8      | Noticed Gastronok
  8361 | D:8      | Reached skill level 1 in Ranged Weapons
  8831 | D:9      | Reached **** piety under Trog
  9307 | D:9      | Reached skill level 1 in Stealth
  9379 | D:9      | Noticed Maurice
  9385 | D:9      | Killed Maurice
  9698 | D:9      | Found a runed translucent door.
  9699 | D:9      | Identified the +3 spear of Responsibility {elec, Contam
                  | rElec rC+++ Stlth+}
  9700 | D:9      | Noticed Iich's ghost (novice DsFi)
  9867 | D:10     | Entered Level 10 of the Dungeon
 10262 | D:10     | Found a runed translucent door.
 10265 | D:10     | Noticed cforsyth's ghost (novice OgFE)
 10429 | D:10     | Reached skill level 5 in Ranged Weapons
 10805 | D:10     | Found a shimmering blue altar of Sif Muna.
 11129 | D:11     | Noticed a two-headed ogre
 11193 | D:11     | Killed a two-headed ogre
 11194 | D:11     | Reached XP level 12. HP: 75/75 MP: 12/12
 11234 | D:11     | Reached skill level 5 in Stealth
 11582 | D:11     | Found a staircase to the Orcish Mines.
 11695 | D:11     | Reached skill level 5 in Fighting
 11918 | D:11     | Noticed Fannar
 11965 | D:11     | Killed Fannar
 12204 | D:11     | Noticed a boulder beetle
 12224 | D:11     | Killed a boulder beetle
 12385 | D:11     | Noticed a boulder beetle
 12424 | D:11     | Killed a boulder beetle
 12715 | Lair:1   | Entered Level 1 of the Lair of Beasts
 12861 | Lair:1   | Found a broken altar of Ashenzari.
 13756 | Lair:2   | Noticed Maggie
 13779 | Lair:2   | Found a staircase to the Swamp.
 13832 | Lair:2   | Reached XP level 13. HP: 86/86 MP: 13/13
 13998 | Lair:2   | Found a shimmering blue altar of Sif Muna.
 14181 | Lair:2   | Killed Maggie
 14471 | Lair:2   | Noticed Harold
 14491 | Lair:2   | Killed Harold
 14492 | Lair:2   | Reached skill level 10 in Ranged Weapons
 14492 | Lair:2   | Reached skill level 1 in Evocations
 14654 | Lair:2   | Found a staircase to the Snake Pit.
 15141 | Lair:3   | Found a runed translucent door.
 15143 | Lair:3   | Noticed jasper's ghost (journeyman DsRe)
 15423 | Lair:3   | Upgraded the game from 0.30-a0-924-g0ad0bf95bc to
                  | 0.30-a0-930-gb9d0489357
 15653 | Lair:3   | Identified the +2 scale mail of Gafyqawi {Int+2 Dex+7}
 15810 | Lair:4   | Reached skill level 10 in Stealth
 15859 | Lair:4   | You fall into a shaft and drop 1 floor!
 15859 | Lair:5   | Entered Level 5 of the Lair of Beasts
 16154 | Lair:4   | Noticed Kirke
 16245 | Lair:4   | Killed Kirke
 16477 | Lair:4   | Noticed Josephine
 16491 | Lair:4   | Killed Josephine
 16544 | Lair:4   | Found a viscous altar of Jiyva.
 16544 | Lair:4   | Found a staircase to the Slime Pits.
 16953 | Lair:5   | Reached skill level 13 in Dodging
 16953 | Lair:5   | Reached skill level 5 in Evocations
 17117 | Lair:5   | Reached XP level 14. HP: 97/97 MP: 14/14
 18247 | Lair:5   | Reached skill level 10 in Fighting
 18719 | Lair:5   | Reached skill level 14 in Dodging
 19618 | Orc:1    | Entered Level 1 of the Orcish Mines
 19632 | Orc:1    | Noticed Sonja
 19638 | Orc:1    | Killed Sonja
 19642 | Orc:1    | Found Tyrof's Magic Scroll Shop.
 19809 | Orc:1    | Bought a scroll of fear for 48 gold pieces
 19809 | Orc:1    | Bought a scroll of identify for 24 gold pieces
 19809 | Orc:1    | Bought a scroll of fear for 48 gold pieces
 19851 | Orc:1    | Reached ***** piety under Trog
 20018 | Orc:2    | Entered Level 2 of the Orcish Mines
 20067 | Orc:1    | Reached skill level 1 in Throwing
 20358 | Orc:2    | Found a staircase to the Elven Halls.
 20363 | Orc:2    | Noticed Donald
 20395 | Orc:2    | Killed Donald
 20591 | Orc:2    | Reached XP level 15. HP: 105/105 MP: 15/15
 20898 | Orc:2    | Paralysed by an orc sorcerer for 2 turns
 21122 | Orc:2    | Noticed an orc warlord
 21137 | Orc:2    | Noticed an orc warlord
 21154 | Orc:2    | Killed an orc warlord
 21157 | Orc:2    | Killed an orc warlord
 21545 | Orc:2    | Received a gift from Trog
 21704 | Orc:2    | Found Soenop's Antique Weapon Emporium.
 21721 | Orc:2    | Found Mior's Jewellery Emporium.
 21739 | Orc:2    | Found Archinei's General Store.
 21836 | Orc:2    | Found Xiqul's Antique Armour Emporium.
 21904 | Orc:2    | Bought a ring of see invisible for 165 gold pieces
 21955 | Orc:2    | Bought a phial of floods for 560 gold pieces
 21955 | Orc:2    | Bought a box of beasts for 560 gold pieces
 22150 | D:12     | Noticed Lodul
 22169 | D:12     | Killed Lodul
 22258 | D:12     | Found an iron altar of Okawaru.
 22289 | D:12     | Found a runed translucent door.
 22776 | D:12     | Noticed a tentacled monstrosity
 22958 | D:3      | Killed Crazy Yiuf
 23055 | D:4      | Killed gelatine's ghost
 23271 | D:9      | Killed Iich's ghost
 23570 | D:8      | Killed Gastronok
 23711 | D:10     | Killed cforsyth's ghost
 23956 | D:13     | Reached skill level 10 in Evocations
 24307 | D:13     | Reached skill level 15 in Dodging
 24696 | D:13     | Noticed Frances
 24713 | D:13     | Killed Frances
 25123 | D:14     | Noticed Rupert
 25123 | D:14     | Found a gate to the Vaults.
 25326 | Snake:1  | Entered Level 1 of the Snake Pit
 25352 | Snake:1  | Noticed Aizul
 25371 | Snake:1  | Noticed Mlioglotl
 25372 | Snake:1  | Killed Aizul
 25379 | Snake:1  | Mangled by Mlioglotl

Illustrated notes

Levels and vault maps discovered:
D:1:      dpeg_arrival_signposts, layout_loops_corners, hangedman_decor_points,
          serial_bayou_lagoon_a
D:2:      layout_loops_ring, chequers_serial_rivers_marsh
D:3:      layout_basic, lemuel_doored_altar, mainiacjoe_overflow_24_doors,
          grunt_ministairs_2, minmay_liquid_box, uniq_crazy_yiuf_cottage
D:4:      layout_loops_ring, lemuel_tele_altar, mainiacjoe_overflow_paths,
          mainiacjoe_overflow_catch_the_wave, biasface_ghost_orc_armoury,
          abandoned_shop
D:5:      layout_basic, grunt_temple_overflow_champion_of_chaos,
          minmay_misc_feat_x, uniq_pikel, uniq_grinder
D:6:      layout_basic, nzn_wu_jian_contemplation, nicolae_ru_awakened_eye,
          yredelemnul_forgotten_temple_becter, minivault_5
D:7:      layout_cave_pools, mainiacjoe_overflow_brackets,
          minmay_temple_entry_overgrown, enter_bailey_2, uniq_prince_ribbit1
D:8:      layout_gridville, mainiacjoe_overflow_surrounded_room,
          dancing_weapons_uskayaw, grunt_lair_entry_orc_guard_hut,
          minmay_misc_feat_chi, uniq_erica, uniq_joseph, uniq_gastronok
D:9:      layout_loops_corners, ebering_ghost_funeral_grove,
          grunt_ministairs_14, uniq_maurice
D:10:     layout_stronghold, kennysheep_little_box,
          ebering_ghost_reflecting_pool
D:11:     layout_irregular_city, david_orc_5, uniq_fannar
D:12:     cheibrodos_body_horror, layout_irregular_city,
          hangedman_abyss_or_decor_lesser_grid, kennysheep_okawaru_gauntlet,
          uniq_lodul
D:13:     layout_irregular_city, nzn_life_drinkers, uniq_frances
D:14:     layout_gridville, david_vaults_3, minivault_23
Lair:1:   layout_gridlike, basic_altar
Lair:2:   layout_regular_city, minmay_swamp_entry_eels,
          nicolae_snake_entry_warm_welcome, basic_altar, wad_woods_road_05,
          grunt_megastairs_5, infiniplex_staircase_pool, uniq_harold,
          uniq_maggie
Lair:3:   layout_big_grid, ebering_ghost_inner_flame, minivault_11,
          lemuel_fruit_tree, lemuel_fruit_fields
Lair:4:   layout_cave_pods, minmay_slime_entry_pillars, grunt_megastairs_4,
          uniq_josephine, uniq_kirke
Lair:5:   evilmike_catoblepas_cave, layout_regular_city
Snake:1:  layout_misc_corridors, uniq_aizul, uniq_mlioglotl
Orc:1:    layout_caves, serial_shops, shop_scrolls, basic_altar, uniq_sonja
Orc:2:    grunt_orc_cross, layout_caves, uniq_donald

Skill      XL: |  1  2  3  4  5  6  7  8  9 10 11 12 13 14 15 |
---------------+----------------------------------------------+-----
Polearms       | 4 5 6 8 10 12 | 12.6
Dodging        | 4 5 6 8 10 12 13 14 15 | 15.0
Ranged Weapons | 6 9 11 | 11.0
Stealth        | 4 8 10 | 10.0
Fighting       | 4 7 9 10 12 | 12.1
Evocations     | 5 8 10 | 10.6
Throwing       | 2 3 |  3.7

Action                     |  1- 3 |  4- 6 |  7- 9 | 10-12 | 13-15 || total
---------------------------+-------+-------+-------+-------+-------++-------
  Melee: Spear             |    97 |    39 |       |       |       ||   136
         Constrict         |    18 |    27 |    38 |    54 |    24 ||   161
         Tentacles         |     6 |    23 |    55 |   110 |   144 ||   338
         Trident           |       |    85 |   242 |    78 |       ||   405
         Punch             |       |     3 |     4 |     6 |    11 ||    24
         Halberd           |       |       |       |   347 |   527 ||   874
         Glaive            |       |       |       |       |     5 ||     5
   Fire: Shortbow          |       |       |       |   207 |   646 ||   853
  Throw: Dart              |       |       |    25 |    18 |       ||    43
         Javelin           |       |       |     4 |       |       ||     4
 Invoke: Trog's Hand       |       |     4 |     5 |     9 |    20 ||    38
         Berserk           |       |       |     3 |    11 |     7 ||    21
         Brothers in Arms  |       |       |       |     2 |     3 ||     5
  Evoke: Wand              |       |     2 |    17 |    18 |    16 ||    53
         Box of beasts     |       |       |       |       |     2 ||     2
         Phial of floods   |       |       |       |       |     1 ||     1
    Use: Scroll            |       |     4 |     7 |     7 |    14 ||    32
         Potion            |       |       |     2 |     7 |     2 ||    11
   Stab: Sleeping          |    11 |    12 |     4 |     5 |     7 ||    39
         Invisible         |       |     1 |     1 |     8 |       ||    10
         Distracted        |       |       |       |     2 |     1 ||     3
 Armour: Skin              |     3 |     3 |     2 |    33 |    45 ||    86
  Dodge: Dodged            |    28 |    64 |   153 |   300 |   407 ||   952

Table legend: (Time is in decaauts)
 A = Elapsed time spent in this place.
 B = Non-inter-level travel time spent in this place.
 C = Inter-level travel time spent in this place.
 D = Time resting spent in this place.
 E = Time spent auto-exploring this place.
 F = Levels seen in this place.
 G = Mean time per level.
                   A        B        C        D        E       F      G
               +--------+--------+--------+--------+--------+-----+--------+
         Total |  25313 |  22979 |   2334 |   4003 |  13690 |  23 | 1100.6 |
       Dungeon |  14869 |  13239 |   1630 |   1577 |   9193 |  14 | 1062.1 |
          Lair |   6837 |   6347 |    490 |   1408 |   3466 |   5 | 1367.4 |
     Snake Pit |     49 |     49 |      0 |      0 |     22 |   1 |   49.0 |
  Orcish Mines |   2355 |   2142 |    213 |    499 |    866 |   2 | 1177.5 |
        Bailey |   1201 |   1201 |      0 |    517 |    143 |   1 | 1201.0 |
               +--------+--------+--------+--------+--------+-----+--------+

Top non-repeatable levels by time:
  Lair:5: 2417 daAuts
    D:10: 1860 daAuts
     D:9: 1517 daAuts
     D:8: 1504 daAuts
  Lair:2: 1485 daAuts
   Orc:2: 1465 daAuts
     D:6: 1385 daAuts
    D:13: 1290 daAuts
  Lair:4: 1254 daAuts
    D:11: 1246 daAuts
  Bailey: 1201 daAuts
     D:4: 1180 daAuts
     D:1: 1064 daAuts
     D:3: 1005 daAuts
   Orc:1: 890 daAuts
